[Event "Early-Titled-Tuesday-Blitz-May-14-2024"]
[Site "Chess.com"]
[Date "2024.05.14"]
[Round "10"]
[White "Nikita_Klepikov"]
[Black "MaxLeto"]
[Result "1-0"]
[WhiteElo "2319"]
[BlackElo "2392"]
[TimeControl "180+1"]
[EndTime "9:58:21 PDT"]
[Termination "Nikita_Klepikov won by checkmate"]

1. e4 c5 2. Nf3 d6 3. d4 cxd4 4. Nxd4 Nf6 5. Nc3 a6 6. Bc4 e6 7. Bb3 Nbd7 8. f4 Nc5 9. Qf3 Be7 10. Be3 Qc7 11. f5 Bd7 12. g4 e5 13. Nde2 Bc6 14.
Bxc5 dxc5 15. O-O-O b5 16. Bd5 Nxd5 17. exd5 Bb7 18. Ne4 O-O-O 19. c4 bxc4 20. N2c3 a5 21. d6 Bxd6 22. Nb5 Qb6 23. Nexd6+ Rxd6 24. Nxd6+ Qxd6 25. Qxb7+ Kxb7 26. Rxd6 Re8 27. Rd7+ Kc6 28. Rxf7 e4 29.
Rxg7 e3 30. Re1 Kd5 31. Rxh7 Ke4 32. Rh3 Kd3 33. Rhxe3+ Rxe3 34. Rxe3+ Kxe3 35. f6 c3 36. bxc3 Kd3 37. f7 Kc4 38. f8=Q Kb5 39. g5 Ka4 40. g6 Ka3 41. g7 a4 42. Kd1 Kb2 43. g8=Q c4 44.
Qb4+ Ka1 45. Kc2 a3 46. Qg1+ Kxa2 47. Qgb1# 1-0

[Event "Early-Titled-Tuesday-Blitz-May-14-2024"]
[Site "Chess.com"]
[Date "2024.05.14"]
[Round "10"]
[White "chito89"]
[Black "chessfatbear"]
[Result "1-0"]
[WhiteElo "2840"]
[BlackElo "2906"]
[TimeControl "180+1"]
[EndTime "9:58:23 PDT"]
[Termination "chito89 won by resignation"]

1. e4 c5 2. Nc3 a6 3. Nf3 d6 4. d4 cxd4 5. Nxd4 Nf6 6. h3 e5 7.
Nde2 h5 8. Bg5 Be6 9. Nd5 Nbd7 10. Nec3 Rc8 11. a4 Qa5 12. b4 Qd8 13. a5 Be7 14. Nxe7 Kxe7 15. Nd5+ Bxd5 16. exd5 Qc7 17. c4 Kf8 18.
Be2 Ne4 19. Bd2 g6 20. O-O Nxd2 21. Qxd2 Kg7 22. f4 f5 23. Ra3 Rhe8 24. Rg3 Nf6 25.
fxe5 Ne4 26. Qb2 Rxe5 27. Re3 Qe7 28. Qd4 Re8 29. Bd3 Nf6 30. Rxe5 Qxe5 31. Qb6 Qe3+ 32. Qxe3 Rxe3 33. Rd1 h4 34. c5 dxc5 35. bxc5 Re5 36.
c6 bxc6 37. dxc6 Rc5 38. Bxa6 Rxc6 39. Bb7 Rc5 40. Ra1 Nd7 41. a6 Nb6 42. a7 Rc7 43. Bf3 Kf6 44. Ra6 Ke5 45. Rxb6 Rxa7 46. Rxg6 Kf4 47.
Kh2 Re7 48. Rh6 Kg5 49. Rh5+ Kg6 50. Rxh4 1-0

[Event "Early-Titled-Tuesday-Blitz-May-14-2024"]
[Site "Chess.com"]
[Date "2024.05.14"]
[Round "10"]
[White "PeshkaCh"]
[Black "DenisQ"]
[Result "1/2-1/2"]
[WhiteElo "2865"]
[BlackElo "2734"]
[TimeControl "180+1"]
[EndTime "9:58:23 PDT"]
[Termination "Game drawn - insufficient material"]

1. Nf3 Nf6 2. d4 d5 3. c4 c6 4. e3 Bf5 5. Bd3 Bxd3 6. Qxd3 Nbd7 7. O-O e6 8. Nbd2 Be7 9. e4 dxe4 10. Nxe4 Nxe4 11. Qxe4 O-O 12. b3 a5 13. Bb2 a4 14.
Qc2 Nf6 15. Bc3 axb3 16. axb3 Qc7 17. h3 h6 18. Ne5 Rfd8 19. Rfe1 Rdc8 20. Qe2 Qd8 21.
b4 Rxa1 22. Rxa1 Ra8 23. Re1 Ra3 24. Qd2 Qa8 25. Nd3 Ra2 26. Qc1 Qa3 27. Nc5 Qxc1 28. Rxc1 b5 29. cxb5 cxb5 30. Be1 Nd5 31. Nd3 Ra3 32.
Ne5 f6 33. Nc6 Bd6 34. Nd8 Bxb4 35. Bxb4 Nxb4 36. Nxe6 Kf7 37. Nc7 Nd3 38. Rb1 b4 39. d5 Rc3 40. d6 Rc1+ 41. Rxc1 Nxc1 42. d7 Ke7 43. Nd5+ Kxd7 44. Nxb4 Kd6 45. g3 Nb3 46. Kg2 Nc5 47. h4 Ke6 48. Nc6 Ne4 49. Nd4+ Ke5 50. Nf3+ Kf5 51. Nd4+ Ke5 52. Nc6+ Kd6 53.
Nb4 g5 54. hxg5 hxg5 55. Nc2 Ke5 56. Ne3 f5 57. Nc4+ Kd4 58. Ne3 f4 59. gxf4 gxf4 60.
Nf5+ Ke5 61. Nh4 f3+ 62. Nxf3+ Kf4 63. Nh4 Nxf2 1/2-1/2

[Event "Early-Titled-Tuesday-Blitz-May-14-2024"]
[Site "Chess.com"]
[Date "2024.05.14"]
[Round "10"]
[White "Polish_fighter3000"]
[Black "rasmussvane"]
[Result "1/2-1/2"]
[WhiteElo "3099"]
[BlackElo "2979"]
[TimeControl "180+1"]
[EndTime "9:58:25 PDT"]
[Termination "Game drawn - insufficient material"]

1. e4 e5 2. f4 d5 3. exd5 exf4 4. Nf3 Nf6 5. Bb5+ c6 6. Qe2+ Be7 7. dxc6 Nxc6 8. d4 O-O 9. Bxc6 bxc6 10. Bxf4 Re8 11. O-O Bd6 12. Be5 Ng4 13. Qd2 Nxe5 14. Nxe5 Bxe5 15. dxe5 Qb6+ 16. Qf2 Rxe5 17. Nd2 Ba6 18.
Qxb6 axb6 19. Rfe1 Rae8 20. Rxe5 Rxe5 21. Nf3 Re2 22. Rd1 Re8 23. Rd6 Bb7 24. Nd4 g6 25. Kf2 Rc8 26. a4 Kf8 27. Rd7 Ba8 28. Nf3 Re8 29.
Ng5 Re5 30. h4 h6 31. Rxf7+ Ke8 32. Ra7 hxg5 33. Rxa8+ Kd7 34. hxg5 Rxg5 35. Rf8 Rc5 36. c3 Rc4 37. Rf7+ Kd6 38. Rb7 Rxa4 39. Rxb6 Kc5 40. Rb7 g5 41. Kg3 Re4 42. Rg7 Re5 43. Kg4 Re2 44.
Rxg5+ Kc4 45. Kf5 Rxb2 46. g4 Kxc3 47. Ke6 Kd4 48. Kd6 Rg2 49. Rg8 Ke4 50. g5 Kf5 51. Rf8+ Kg6 52. Rg8+ Kf7 53. Rc8 Rxg5 54. Rc7+ Kf6 55.
Rxc6 Rg6 56. Kc7+ Kf5 57. Rxg6 Kxg6 1/2-1/2

[Event "Early-Titled-Tuesday-Blitz-May-14-2024"]
[Site "Chess.com"]
[Date "2024.05.14"]
[Round "10"]
[White "malakismayil"]
[Black "Dolphin_2010"]
[Result "0-1"]
[WhiteElo "2528"]
[BlackElo "2631"]
[TimeControl "180+1"]
[EndTime "9:58:27 PDT"]
[Termination "Dolphin_2010 won by checkmate"]

1. e4 c6 2. d4 d5 3. Nc3 dxe4 4. Nxe4 Nf6 5. Nxf6+ exf6 6. c3 Bd6 7. Bd3 O-O 8.
Ne2 Re8 9. Qc2 f5 10. Bxf5 Bxf5 11. Qxf5 Nd7 12. Be3 Nb6 13. O-O Nc4 14. b3 g6 15.
Qf3 Nxe3 16. fxe3 f5 17. Rae1 Qg5 18. Ng3 h5 19. e4 h4 20. Nxf5 gxf5 21. Qxf5 Qxf5 22.
Rxf5 Kg7 23. e5 Be7 24. Ref1 Rf8 25. g4 hxg3 26. hxg3 Rxf5 27. Rxf5 Kg6 28. g4 Rh8 29. Kg2 Rh4 30. Rf4 Kg5 31. Rf7 Ba3 32. Rxb7 a5 33.
Rc7 Kf4 34. Rxc6 Rxg4+ 35. Kf2 Bc1 36. Rf6+ Ke4 37. e6 Be3+ 38. Ke2 Rg2+ 39. Kf1 Rg1+ 40.
Ke2 Rg2+ 41. Ke1 Rg7 42. Rf7 Rg1+ 43. Ke2 Rg2+ 44. Kf1 Rg6 45. e7 Re6 46. Ke2 Bg5 47. Kd1 Kd3 48. Rf3+ Be3 49. d5 Rxe7 50. c4 Rh7 51.
Rf1 Rh2 52. d6 Rxa2 53. d7 Ra1# 0-1

[Event "Early-Titled-Tuesday-Blitz-May-14-2024"]
[Site "Chess.com"]
[Date "2024.05.14"]
[Round "10"]
[White "azikom"]
[Black "Sasha_Solovev_777"]
[Result "1-0"]
[WhiteElo "2707"]
[BlackElo "2236"]
[TimeControl "180+1"]
[EndTime "9:58:27 PDT"]
[Termination "azikom won on time"]

1. c4 Nf6 2. Nc3 g6 3. e4 d6 4. d4 Bg7 5. Bg5 a5 6. Qd2 Na6 7. Bh6 Bxh6 8. Qxh6 c5 9. d5 Nb4 10. O-O-O a4 11. a3 Bd7 12. f3 Qc7 13. Nge2 Na6 14. Ng3 O-O-O 15. Bd3 Qb6 16. h4 Qb3 17. Nf1 Nb4 18.
axb4 Qxb4 19. Qd2 Kc7 20. Ne3 Ra8 21. Nb5+ Bxb5 22. Qxb4 cxb4 23. cxb5 Kb6 24. Kb1 Nd7 25. Nc4+ Ka7 26. Be2 b6 27. Rd4 Nc5 28. Nd2 b3 29.
Rc1 Kb7 30. Nc4 Rhc8 31. e5 dxe5 32. Nxe5 a3 33. bxa3 Rxa3 34. Nc4 Ra2 35. Rd2 Rca8 36. Rxa2 Rxa2 37. Bd1 Rxg2 38. Nb2 Rf2 39. Rc3 Rf1 40.
Re3 e6 41. dxe6 fxe6 42. Kc1 Kc7 43. Kd2 Rf2+ 44. Be2 Rh2 45. Nd3 Rxh4 46. Nxc5 b2 47. Nxe6+ Kd6 48. Rb3 Kxe6 49. Rxb2 Rd4+ 50. Ke3 Rh4 51. Rc2 Kd7 52. Rc6 h5 53. Rxg6 1-0

[Event "Early-Titled-Tuesday-Blitz-May-14-2024"]
[Site "Chess.com"]
[Date "2024.05.14"]
[Round "10"]
[White "SujanaLohani"]
[Black "ab-lsv"]
[Result "1-0"]
[WhiteElo "2022"]
[BlackElo "2330"]
[TimeControl "180+1"]
[EndTime "9:58:27 PDT"]
[Termination "SujanaLohani won by resignation"]

1. e4 c6 2. d4 d5 3. exd5 cxd5 4. Bd3 Nf6 5. c3 Bg4 6. Qb3 Qc7 7. h3 Bh5 8. Ne2 Bxe2 9. Bxe2 e6 10. O-O Bd6 11. Nd2 O-O 12. Nf3 Nc6 13. Bd3 Rab8 14. Bg5 Bf4 15. Bxf6 gxf6 16. g3 Bxg3 17. fxg3 Qxg3+ 18. Kh1 Qxh3+ 19. Kg1 Kh8 20. Kf2 Rg8 21. Rg1 b6 22.
Qc2 Ne7 23. Ke3 Qh6+ 24. Kf2 Ng6 25. Rh1 Qf4 26. Qd2 Qxd2+ 27. Nxd2 Kg7 28. Rag1 h6 29. Nf3 Rh8 30. Nh4 f5 31. Nf3 Kf6 32. Ke3 Rbg8 33. Rg2 h5 34. Rgh2 h4 35. Nxh4 Nxh4 36. Rxh4 Rg3+ 37.
Kd2 Rg2+ 38. Be2 Rhg8 39. Rh6+ Ke7 40. R6h2 f4 41. Rxg2 Rxg2 42. Rf1 f6 43. Rxf4 e5 44. dxe5 fxe5 45. Ra4 a5 46. b4 axb4 47. Rxb4 Rg6 48. Bf3 Rd6 49. Rb5 Ke6 50. Ke3 d4+ 51. cxd4 exd4+ 52. Kd3 Kd7 53. Rd5 Rxd5 54. Bxd5 Kd6 55. Kxd4 b5 56. Bb3 Kc6 57. Ke5 Kc5 58. Ke4 Kb4 59. Kd4 Ka5 60. Kc5 Ka6 61. Kb4 Kb6 62. Bc2 Kc6 63.
Bd3 Kb6 64. Bxb5 Kb7 65. a4 Ka7 66. a5 Kb7 67. Bf1 Ka7 68. Bg2 Ka6 69. Bf3 Ka7 70.
Kb5 Kb8 71. Kb6 1-0

[Event "Early-Titled-Tuesday-Blitz-May-14-2024"]
[Site "Chess.com"]
[Date "2024.05.14"]
[Round "10"]
[White "SaiHanThiha"]
[Black "vaishali2001"]
[Result "0-1"]
[WhiteElo "2482"]
[BlackElo "2702"]
[TimeControl "180+1"]
[EndTime "9:58:29 PDT"]
[Termination "vaishali2001 won by resignation"]

1. Nf3 Nf6 2. g3 g6 3. Bg2 Bg7 4.
b3 c5 5. Bb2 Nc6 6. O-O O-O 7. c4 b6 8. d4 cxd4 9. Nxd4 Bb7 10.
Nc3 d5 11. Nxd5 Nxd5 12. Nxc6 Bxc6 13. Bxg7 Kxg7 14. cxd5 Bb5 15. a4 Ba6 16. Rc1 Qd6 17. Re1 Rac8 18. Qd2 e6 19. Qb2+ Kg8 20. Rc6 Qb4 21.
Rec1 exd5 22. Bxd5 Rxc6 23. Bxc6 Rc8 24. Bd5 Rxc1+ 25. Qxc1 Bxe2 26. Kg2 Qd4 27. Qc8+ Kg7 28. Qd7 Qf6 29. h4 a5 30. Qc6 Qa1 31. Kh2 Qd4 32.
Bf3 Qxf2+ 33. Bg2 h5 34. Qc3+ Kh7 35. Qc7 Bf1 36. Qc6 Bxg2 37. Qxg2 Qxg2+ 38. Kxg2 Kg7 39. Kf3 Kf6 40. Ke4 Ke6 41. Kd4 f6 42. Kc4 Kd6 43.
Kb5 Kc7 44. Kc4 Kc6 45. Kd4 Kd6 46. Kc4 g5 47. Kd4 Ke6 48. Ke4 gxh4 49. g4 hxg4 0-1

[Event "Early-Titled-Tuesday-Blitz-May-14-2024"]
[Site "Chess.com"]
[Date "2024.05.14"]
[Round "10"]
[White "Cherepov_Alexej"]
[Black "ChadBiryani"]
[Result "0-1"]
[WhiteElo "2425"]
[BlackElo "2547"]
[TimeControl "180+1"]
[EndTime "9:58:33 PDT"]
[Termination "ChadBiryani won on time"]

1. d4 Nf6 2. c4 g6 3. Nc3 Bg7 4. e4 d6 5. Be2 O-O 6. Bg5 Nbd7 7. Qd2 c6 8. Nf3 a5 9. O-O Qc7 10. Rad1 e5 11. Bh6 exd4 12. Nxd4 Nc5 13. Bxg7 Kxg7 14. f3 h6 15. Qf4 Nh5 16. Qh4 Qd8 17. Qxd8 Rxd8 18.
g3 Kg8 19. f4 Ng7 20. Nb3 Nce6 21. Rd2 a4 22. Nd4 Nc5 23. Rfd1 Re8 24. Bf3 Nge6 25.
Nxe6 Bxe6 26. Be2 Bh3 27. Bf3 Be6 28. Rxd6 Bxc4 29. e5 Kf8 30. h4 h5 31. Kg2 Be6 32. a3 Ke7 33. Kf2 Rad8 34. Ke3 Rxd6 35. exd6+ Kd7 36. Kf2 Bf5 37. Rd4 b5 38. Be2 Re6 39.
Nxb5 cxb5 40. Bxb5+ Kd8 41. d7 Ne4+ 42. Kg2 Rd6 43.
Rc4 Rd2+ 44. Kg1 Bxd7 45. Bxd7 Nxg3 46. Bxa4 Rxb2 47. f5 Nxf5 48. Bc2 Ne3 49. Rd4+ Kc7 50. Be4 Ng4 51. a4 Kb6 52. Rd7 f5 53. Bf3 Ne5 54.
Rd6+ Kc7 55. Re6 Nxf3+ 56. Kf1 Nxh4 57. a5 Kd7 0-1

[Event "Early-Titled-Tuesday-Blitz-May-14-2024"]
[Site "Chess.com"]
[Date "2024.05.14"]
[Round "10"]
[White "valik3504"]
[Black "ChessQueen"]
[Result "0-1"]
[WhiteElo "2569"]
[BlackElo "2783"]
[TimeControl "180+1"]
[EndTime "9:58:38 PDT"]
[Termination "ChessQueen won by checkmate"]

1. d4 Nf6 2. Nf3 d5 3. c4 e6 4.
e3 Bb4+ 5. Nbd2 O-O 6. a3 Be7 7. b4 a5 8. b5 c5 9. bxc6 Nxc6 10. Be2 dxc4 11. Bxc4 b6 12. O-O Bb7 13. Bb2 Rc8 14. Qe2 Rc7 15. Rfc1 Qa8 16. Bb5 Rfc8 17. Nc4 Qa7 18.
Nfe5 Nb8 19. f3 Ba6 20. Nd2 Rxc1+ 21. Rxc1 Rxc1+ 22. Bxc1 Qc7 23. Qc4 Qxc4 24. Bxc4 Bb7 25. Bb2 Nc6 26. Nd3 Na7 27. e4 b5 28. Bb3 a4 29. Ba2 Nd7 30. Nb1 Nc6 31. Bc3 Kf8 32. Kf2 Bd6 33. f4 Bc7 34. Nd2 Bb6 35. Nf3 Ke7 36.
Nb4 Ndb8 37. Ke2 f6 38. d5 Nd8 39. e5 exd5 40. Bxd5 Bc8 41. Be4 Bc5 42. Bd3 Nbc6 43. Nd5+ Kf7 44. Bxb5 Bxa3 45. Bxa4 Ba6+ 46. Kf2 Bc4 47.
Ne3 Bc5 48. Nd2 Bd3 49. Kf3 fxe5 50. Bb3+ Ke8 51. fxe5 Bg6 52. Ng4 Bf7 53. Ba4 Bd5+ 54. Kg3 Ke7 55. Nf3 h5 56. Nf2 Ne6 57. Nd3 Be3 58. Kh4 g6 59. Nb4 Nxb4 60. Bxb4+ Kf7 61. Bd6 Bf2+ 62. Kh3 Nf4# 0-1

[Event "Early-Titled-Tuesday-Blitz-May-14-2024"]
[Site "Chess.com"]
[Date "2024.05.14"]
[Round "10"]
[White "Bilan_Danila"]
[Black "maximnovik"]
[Result "0-1"]
[WhiteElo "2640"]
[BlackElo "2554"]
[TimeControl "180+1"]
[EndTime "9:58:40 PDT"]
[Termination "maximnovik won on time"]

1. d4 Nf6 2. Nf3 g6 3. Bg5 Bg7 4. c3 O-O 5. Nbd2 d6 6. e4 Nbd7 7. Bc4 h6 8. Bh4 e5 9. dxe5 Nxe5 10. Nxe5 dxe5 11. O-O Qe7 12. Qc2 Be6 13. Rad1 Rfd8 14. Bxf6 Bxf6 15. Qb3 Bxc4 16. Nxc4 c6 17. Rxd8+ Rxd8 18. Rd1 Rxd1+ 19. Qxd1 Qe6 20. b3 Be7 21. Qd2 Kg7 22.
Qe3 b6 23. Qg3 Bd6 24. Qd3 Bc5 25. b4 b5 26. Nd2 Bb6 27. Nb3 f5 28. g3 fxe4 29.
Qxe4 Qd5 30. Qg4 e4 31. Qf4 Qf5 32. Qxf5 gxf5 33. Kf1 Kf6 34. Ke2 Ke5 35. f3 h5 36.
h3 Bg1 37. g4 exf3+ 38. Kxf3 fxg4+ 39. hxg4 h4 40. Na5 c5 41. bxc5 Bxc5 42. Nc6+ Kd6 43. Nd8 Kd5 44. g5 Be7 45. Nf7 Ke6 46. g6 Kf6 47.
Kg4 Kxg6 48. Ne5+ Kf6 49. Nc6 a6 50. Kxh4 Ke6+ 51. Kg4 Bc5 52. Kf3 Kd5 53. Na5 Bb6 54. Nb3 Kc4 55. Ke2 Kxc3 56. Kd1 Kb2 57. Nc1 Bd8 58.
Nd3+ Kc3 59. Nc1 Bg5 60. Nb3 Be3 61. Ke2 Bb6 62. Kd1 Kb2 63. Nc1 a5 64. Kd2 Be3+ 65. Kxe3 Kxc1 66. Kd3 Kb2 0-1

[Event "Early-Titled-Tuesday-Blitz-May-14-2024"]
[Site "Chess.com"]
[Date "2024.05.14"]
[Round "10"]
[White "Stanbad1"]
[Black "AlmasRakhmatullaev"]
[Result "1/2-1/2"]
[WhiteElo "2607"]
[BlackElo "2847"]
[TimeControl "180+1"]
[EndTime "9:58:41 PDT"]
[Termination "Game drawn - insufficient material"]

1. d4 a6 2. Nc3 b5 3. Bf4 Bb7 4. e3 e6 5. Nf3 Nf6 6. Bd3 Be7 7. O-O d5 8. Re1 Nbd7 9. Ne5 c6 10. Ne2 c5 11. c3 O-O 12. Ng3 Rc8 13. a3 Nb6 14. b4 cxd4 15. cxd4 Nc4 16. Qb1 h6 17. h4 Nd7 18. h5 Ndxe5 19. dxe5 Qc7 20. Rc1 Qb8 21. Ne2 Nxe5 22. Rxc8 Rxc8 23. Nd4 Bd6 24. Bh7+ Kf8 25. Bc2 Nc4 26. Bxd6+ Qxd6 27. a4 e5 28. Nf5 Qc6 29. axb5 axb5 30. Bd3 g6 31. Nxh6 gxh5 32. Nf5 Qf6 33.
Ra7 Rc7 34. Qa1 Nb6 35. f4 d4 36. fxe5 Qg5 37. Rxb7 Rxb7 38. Qxd4 Nd7 39. Qd6+ Kg8 40. e6 fxe6 41. Qxe6+ Kf8 42. Nd6 Ne5 43. Nxb7 Qxe3+ 44. Kf1 Qxd3+ 45. Kg1 Qe3+ 46. Kf1 Qc1+ 47. Kf2 Nd3+ 48. Kf3 Qf1+ 49. Ke4 Qe2+ 50. Kf5 Qg4+ 51. Kf6 Qf4+ 52. Kg6 Qg4+ 53. Qxg4 hxg4 54. Nd6 g3 55. Kg5 Nxb4 56. Nxb5 Nd3 57. Kg4 Ne1 58. Kxg3 Nxg2 1/2-1/2

[Event "Early-Titled-Tuesday-Blitz-May-14-2024"]
[Site "Chess.com"]
[Date "2024.05.14"]
[Round "10"]
[White "Blitz_Lover1"]
[Black "bazar-wokzal"]
[Result "1/2-1/2"]
[WhiteElo "2408"]
[BlackElo "2607"]
[TimeControl "180+1"]
[EndTime "9:58:41 PDT"]
[Termination "Game drawn by agreement"]

1. e4 Nc6 2. Nf3 d5 3. exd5 Qxd5 4. Nc3 Qa5 5. d4 Bg4 6. Be3 O-O-O 7. Be2 Nf6 8. h3 Bxf3 9. Bxf3 Nxd4 10. Bxd4 Qb4 11. Bxb7+ Qxb7 12. Qd3 c5 13. Qc4 Rxd4 14. Qxc5+ Kb8 15.
Qxd4 e6 16. Qd8+ Qc8 17. Qxc8+ Kxc8 18. O-O-O Bc5 19. Nb5 Ne4 20. Rhe1 Nxf2 21. Rd2 Rd8 22. Rxd8+ Kxd8 23. Re2 Kd7 24. b4 Bb6 25. c4 Nd3+ 26.
Kd2 Nxb4 27. Kc3 Nc6 28. Rd2+ Ke7 29. Kb3 f5 30. Nc3 g5 31. Rd1 h5 32. Na4 Bd4 33. c5 e5 34. Kc4 Ke6 35. Kb5 Kd7 36. Nc3 Kc7 37. Nd5+ Kb7 38. Nb4 Nxb4 39. Kxb4 Kc6 40. Kc4 Bxc5 41. Rd8 Bd4 42. Rf8 f4 43. Rg8 g4 44.
Rg6+ Kd7 45. hxg4 hxg4 46. Rxg4 Ke6 47. Rxf4 exf4 48. Kxd4 Kf5 49. Kd3 Kg4 50. Ke4 Kg3 51. Kf5 a5 52. a4 f3 53. gxf3 Kxf3 54. Ke5 Kg4 55. Kd5 Kf5 56. Kc5 Ke6 57. Kb5 Kd7 58.
Kxa5 Kc8 59. Kb6 Kb8 60. a5 Ka8 1/2-1/2

[Event "Early-Titled-Tuesday-Blitz-May-14-2024"]
[Site "Chess.com"]
[Date "2024.05.14"]
[Round "10"]
[White "amanjazu"]
[Black "SharapovEvgeny"]
[Result "0-1"]
[WhiteElo "2522"]
[BlackElo "2630"]
[TimeControl "180+1"]
[EndTime "9:58:41 PDT"]
[Termination "SharapovEvgeny won by resignation"]

1. g3 c5 2. Bg2 Nc6 3. f4 g6 4. Nf3 Bg7 5. O-O e6 6. e4 Nge7 7. c3 O-O 8. d4 cxd4 9. cxd4 d5 10. e5 b6 11. Nc3 Ba6 12. Re1 Qc8 13. Be3 Nb4 14. Qd2 Nf5 15. Bf2 Nd3 16. Red1 Nxf2 17. Qxf2 Qb7 18. g4 Ne7 19. h4 b5 20. a3 b4 21.
axb4 Bc4 22. b5 Bxb5 23. Bh3 Bd7 24. Kh2 Rab8 25. Rd2 f6 26. Qe3 f5 27. Rg1 fxg4 28.
Bxg4 Nf5 29. Qe1 Bh6 30. Ng5 Qb6 31. h5 Bxg5 32. fxg5 Nxd4 33. Rf1 Rxf1 34. Qxf1 Rf8 35. Qd3 Nf5 36. h6 d4 37. Bxf5 Rxf5 38. Qxd4 Qxd4 39. Rxd4 Bc6 40. Rd6 Bd5 41. Nxd5 exd5 42. Rxd5 Rxg5 43. b4 Rh5+ 44. Kg3 Rxh6 45. e6 Kf8 46.
Rd6 Ke7 47. Ra6 Rh5 48. Kf4 Rf5+ 49. Ke4 h5 50. Rc6 h4 51. Ra6 Rh5 52. Rxa7+ Kxe6 53. Ra6+ Kf7 54. Ra1 h3 55. Rh1 Rh4+ 56. Kf3 Rxb4 57. Kg3 Rb3+ 58. Kg4 Kf6 59. Rxh3 Rxh3 60. Kxh3 Kf5 61.
Kg2 Kg4 62. Kh2 Kf3 0-1

[Event "Early-Titled-Tuesday-Blitz-May-14-2024"]
[Site "Chess.com"]
[Date "2024.05.14"]
[Round "10"]
[White "JJDAREK"]
[Black "NMChessToImpress"]
[Result "1-0"]
[WhiteElo "2376"]
[BlackElo "2263"]
[TimeControl "180+1"]
[EndTime "9:58:42 PDT"]
[Termination "JJDAREK won by resignation"]

1. d4 e6 2. Nf3 Nf6 3. c4 d5 4.
g3 Be7 5. Bg2 O-O 6. O-O dxc4 7.
Qa4 a6 8. Qxc4 b5 9. Qc2 Bb7 10. Bd2 Ra7 11. Rd1 Nc6 12. Bg5 Qa8 13. Ne1 Rd8 14. e3 Nb4 15. Qe2 Bxg2 16. Nxg2 c5 17. dxc5 Rxd1+ 18. Qxd1 Rd7 19. Qe2 Bxc5 20. Bxf6 gxf6 21.
Nc3 f5 22. Nf4 Bf8 23. a3 Nc6 24. Rd1 Qd8 25. Rxd7 Qxd7 26. Qd3 Ne5 27. Qxd7 Nxd7 28. Kf1 Bg7 29. Nd1 Nc5 30. Ke2 Na4 31. b3 Nb2 32.
Nxb2 Bxb2 33. a4 Kf8 34. Kd3 Ke7 35. axb5 axb5 36. Ne2 Kd6 37. f3 Kc5 38. Kc2 Bf6 39. h3 Kb4 40. Nc1 Kc5 41. Nd3+ Kd5 42. Kd2 Be7 43. Kc3 Bd6 44. g4 fxg4 45. hxg4 f5 46. g5 e5 47. Nf2 Be7 48. e4+ Kc5 49. exf5 b4+ 50. Kd3 Kd5 51. Ne4 Bd8 52. g6 hxg6 53. fxg6 Ke6 54. g7 Kf7 55. Nd6+ Kxg7 56. Nb5 Kf6 57. Ke4 Ke6 58. Na7 Bb6 59. Nc8 Kd7 60.
Nxb6+ Kc6 61. Nc4 Kc5 62. Nxe5 1-0

[Event "Early-Titled-Tuesday-Blitz-May-14-2024"]
[Site "Chess.com"]
[Date "2024.05.14"]
[Round "10"]
[White "laiciffOneslraCsungaM"]
[Black "AlphaGoosee"]
[Result "1/2-1/2"]
[WhiteElo "2423"]
[BlackElo "2608"]
[TimeControl "180+1"]
[EndTime "9:58:43 PDT"]
[Termination "Game drawn by repetition"]

1. Nf3 d5 2. g3 Nf6 3. Bg2 c6 4. O-O Bg4 5. b3 Nbd7 6. Bb2 e6 7. d3 Be7 8. Nbd2 O-O 9. h3 Bh5 10. c4 a5 11. a3 Bg6 12. Nh4 Bd6 13. Nxg6 hxg6 14.
e4 dxe4 15. dxe4 Be5 16. Qc2 Qb6 17. Kh2 Rfd8 18. Rad1 Bxb2 19. Qxb2 Nc5 20. Qc3 Rd3 21. Qc2 Rad8 22. e5 Ne8 23. Be4 Nxe4 24. Nxe4 Qd4 25. Nd6 Rxd1 26. Rxd1 Qb6 27. c5 Qa7 28. b4 axb4 29.
axb4 Nc7 30. Nxf7 Rxd1 31. Qxd1 Nd5 32. Nd6 Qa2 33. Qf3 Qb2 34. Qf7+ Kh7 35. Nxb7 Qxe5 36. Nd8 Nxb4 37. Nxe6 Qf6 38. Qxf6 gxf6 39. Kg2 Kg8 40. Kf3 Kf7 41. Nd4 f5 42. h4 Kf6 43.
g4 Ke5 44. Ne2 Nd3 45. h5 fxg4+ 46. Kxg4 gxh5+ 47. Kxh5 Nxc5 48. f4+ Ke4 49. f5 Nd7 50. Kg5 Ke5 51. Nc3 c5 52. Na4 c4 53. Nc3 Nf6 54. Kg6 Ng4 55. Kg5 Nf6 56. Kg6 Nd7 57. Kg5 Kd4 58. Nb5+ Kc5 59. Nc3 Kb4 60.
Nd5+ Kc5 61. Nc3 Kd4 62. Nb5+ Ke5 63. Nc3 1/2-1/2

[Event "Early-Titled-Tuesday-Blitz-May-14-2024"]
[Site "Chess.com"]
[Date "2024.05.14"]
[Round "10"]
[White "DarZay"]
[Black "AnaKuchava"]
[Result "1-0"]
[WhiteElo "2303"]
[BlackElo "2185"]
[TimeControl "180+1"]
[EndTime "9:58:44 PDT"]
[Termination "DarZay won by resignation"]

1. e4 c5 2. Nf3 d6 3. d4 cxd4 4. Nxd4 Nf6 5. Nc3 Nc6 6. Bc4 e6 7. O-O a6 8. a4 Be7 9. Kh1 O-O 10. f4 Qc7 11. Ba2 Na5 12. Qe2 Bd7 13. e5 dxe5 14.
fxe5 Ne8 15. Bf4 Nc6 16. Nf3 Rc8 17. Ne4 Nb4 18. Bb3 Bc6 19. c3 Nd5 20. Bg3 Qb6 21.
Bc2 Qxb2 22. Nd6 Nxd6 23. Bxh7+ Kxh7 24. Qxb2 Nc4 25. Qc2+ Kg8 26. Bf2 Nce3 27. Bxe3 Nxe3 28. Qb3 Nxf1 29. Rxf1 Rcd8 30. Nd4 Bd5 31. Qb6 Rc8 32. Rc1 Rc4 33. a5 Rfc8 34. Ne2 Bg5 35. Rc2 Be4 36.
Rb2 g6 37. h3 Kg7 38. Qf2 Rh8 39. Kh2 Rhc8 40. h4 Be7 41. Rd2 Bd5 42. Rd3 Rh8 43.
g3 Rhc8 44. Qe3 R4c5 45. Nf4 R8c7 46. Nxd5 exd5 47. e6 f6 48. Qf3 Bd6 49. Qe3 Be7 50. Qd4 Rc4 51. Qxd5 R7c5 52. Qd7 Rc7 53. Qd5 R4c5 54.
Qf3 Rxa5 55. Kh3 Rac5 56. Qe4 Rc4 57. Qd5 R4c5 58. Qb3 b5 59. Rd7 R5c6 60. Qd5 Rxd7 61. exd7 Rd6 62. Qxd6 Bxd6 63. d8=Q 1-0

[Event "Early-Titled-Tuesday-Blitz-May-14-2024"]
[Site "Chess.com"]
[Date "2024.05.14"]
[Round "10"]
[White "Artemiki"]
[Black "Matibar"]
[Result "0-1"]
[WhiteElo "2618"]
[BlackElo "2780"]
[TimeControl "180+1"]
[EndTime "9:58:46 PDT"]
[Termination "Matibar won on time"]

1. e4 Nf6 2. e5 Nd5 3. d4 d6 4. c4 Nb6 5. f4 Bf5 6. Nf3 e6 7. Nc3 Nc6 8. Be3 d5 9. c5 Nc4 10.
Bc1 f6 11. b3 fxe5 12. bxc4 exd4 13. Nxd4 Qf6 14. Nxf5 Qxc3+ 15. Bd2 Qf6 16. cxd5 exd5 17. Ne3 O-O-O 18. Bb5 Nd4 19. Bd3 Bxc5 20. Rc1 Bb6 21. a4 Qxf4 22. Rf1 Qh4+ 23. g3 Qxh2 24. Qg4+ Kb8 25. a5 Nb3 26. Rf2 Qg1+ 27. Rf1 Qh2 28. Rf2 Qh6 29. axb6 axb6 30. Rc2 Rhe8 31. Kd1 Nxd2 32.
Rcxd2 Qxe3 33. Qxg7 Rg8 34. Qc3 Qxg3 35. Kc2 Rd6 36. Kb2 Rc6 37. Qb3 Qd6 38. Rfe2 Rc5 39. Bc2 Qf6+ 40. Kb1 Rd8 41. Bd1 Ra5 42. Qb2 Qxb2+ 43.
Kxb2 d4 44. Rd3 c5 45. Rc2 Kc7 46. Rh3 Rd7 47. Bg4 Re7 48. Bf5 Ra8 49. Rxh7 Rxh7 50.
Bxh7 Re8 51. Bd3 Kc6 52. Kc1 b5 53. Rb2 c4 54. Be2 Kc5 55. Bf3 b6 56. Rh2 d3 57.
Rh5+ Kb4 58. Bc6 Kc3 59. Kd1 Rg8 60. Rh1 b4 61. Bd5 Rg4 62. Bf3 Rf4 63. Bd5 b3 64. Bg2 b5 65. Rh2 b2 0-1

[Event "Early-Titled-Tuesday-Blitz-May-14-2024"]
[Site "Chess.com"]
[Date "2024.05.14"]
[Round "10"]
[White "Anton_Demchenko"]
[Black "h4parah5"]
[Result "0-1"]
[WhiteElo "2862"]
[BlackElo "3045"]
[TimeControl "180+1"]
[EndTime "9:58:47 PDT"]
[Termination "h4parah5 won on time"]

1. e4 c5 2. Nc3 Nc6 3. Bb5 Nd4 4. a4 e6 5. Nge2 a6 6. Bc4 Nf6 7. d3 d5 8. Ba2 Nc6 9. O-O dxe4 10. dxe4 Qxd1 11. Rxd1 Be7 12. f3 O-O 13. Be3 b6 14. Nf4 Nd4 15. Bb1 Bb7 16. Kf2 Rfd8 17. Rc1 h6 18. Ba2 Nd7 19. Nd3 Nb8 20. Ne5 Nbc6 21. Nxc6 Bxc6 22. Bb1 b5 23. axb5 axb5 24. Rxa8 Rxa8 25.
Ne2 e5 26. c3 Nb3 27. Rd1 c4 28. Ng3 Bg5 29. Nf5 Kf8 30. Bc2 Bxe3+ 31. Kxe3 Na1 32. Bb1 h5 33. Rd6 Be8 34. Rb6 Bd7 35. Nd6 Ra5 36.
Rb7 Ke7 37. Nf5+ Kd8 38. Nxg7 Kc8 39. Rb6 Nb3 40. Bc2 Ra2 41. Nxh5 Kc7 42. Rf6 Rxb2 43. Bd1 Rb1 44. Be2 Rc1 45. Rxf7 Rxc3+ 46. Kf2 Kd6 47. Nf6 Bc6 48. h4 Ke6 49. Rf8 Ke7 50. Rc8 Nd4 51. Nd5+ Bxd5 52. exd5 Rc2 53. h5 Rxe2+ 54.
Kg3 Re1 55. h6 Nf5+ 56. Kf2 Rh1 57. h7 c3 58. h8=Q Rxh8 59. Rxh8 b4 60. Rb8 c2 61.
Rc8 b3 62. Ke1 b2 63. Kd2 b1=Q 64. Rxc2 Kd6 65. Rc3 Nd4 66. Rd3 Qc2+ 0-1